 Dungeon Crawl Stone Soup version 0.24-a0-537-g2d01d4ab0a (webtiles) character file.

Game seed: 10510873527167396906

51 DasRunzen the Shield-Bearer (level 3, -2/36 HPs)
             Began as a Troll Fighter on Aug 13, 2019.
             Slain by a centaur (5 damage)
             ... on level 2 of the Dungeon.
             The game lasted 00:04:25 (1190 turns).

DasRunzen the Shield-Bearer (Troll Fighter)         Turns: 1190, Time: 00:04:26

Health: -2/36      AC:  7    Str: 25    XL:     3   Next: 57%
Magic:  2/2        EV:  8    Int:  4    God:
Gold:   44         SH:  9    Dex:  9    Spells: 2/2 levels left

rFire    . . .     SeeInvis .   a - +1 long sword
rCold    . . .     Gourm    +   c - +0 shield
rNeg     . . .     Faith    .   b - +0 robe
rPois    .         Spirit   .   i - +1 hat
rElec    .         Reflect  .   (no cloak)
rCorr    .         Harm     .   (gloves unavailable)
MR       .....                  (boots unavailable)
Stlth    +.........             (no amulet)
HPRegen  0.52/turn              (no ring)
MPRegen  0.08/turn              (no ring)

@: no status effects
A: large, unfitting armour, claws 3, fast metabolism 3, gourmand, regeneration
1, shaggy fur 1, tough skin 3
a: no special abilities


You were on level 2 of the Dungeon.
You were not hungry.

You visited 1 branch of the dungeon, and saw 2 of its levels.

You collected 44 gold pieces.

Inventory:

Hand Weapons
 a - a +1 long sword (weapon)
Armour
 b - a +0 robe (worn)
 c - a +0 shield (worn)
 i - a +1 hat (worn)
Wands
 g - a wand of random effects (18)
Scrolls
 e - a scroll of magic mapping
 l - a scroll of enchant armour {unknown}
 n - a scroll of amnesia {unknown}
Potions
 d - a potion of might
 h - 3 potions of curing
 j - 2 potions of agility
 k - a potion of berserk rage {unknown}
 m - a potion of degeneration {unknown}
 o - a potion of lignification {unknown}
Comestibles
 f - 5 rations


   Skills:
 + Level 2.7 Fighting
 + Level 2.0 Long Blades
 - Level 1.0 Armour
 + Level 2.7 Dodging
 + Level 2.7 Shields


You had 2 spell levels left.
You didn't know any spells.
Your spell library was empty.

Dungeon Overview and Level Annotations

Branches:
Dungeon (2/15)

Altars:
Nemelex Xobeh
Yredelemnul

Annotations:
D:2 1 runed translucent door, Crazy Yiuf


Innate Abilities, Weirdness & Mutations

You are too large for most types of armour.
You have claws for hands.
Your metabolism is lightning-fast.
You like to eat raw meat.
Your natural rate of healing is unusually fast.
You are covered in fur. (AC +1)
You have extremely tough skin. (AC +3)


Message History

The centaur is moderately wounded.
You block the centaur's attack. x2
You hit the centaur.
The centaur is moderately wounded.
The centaur barely misses you. The centaur hits you.
You slash the centaur!
The centaur is severely wounded.
The centaur hits you.
* * * LOW HITPOINT WARNING * * *
You block the centaur's attack.
You barely miss the centaur.
The centaur is severely wounded.
You block the centaur's attack. The centaur hits you.
* * * LOW HITPOINT WARNING * * *
You hit the centaur but do no damage.
The centaur is severely wounded.
The centaur hits you.
* * * LOW HITPOINT WARNING * * *
The centaur hits you.
You die...

#.......#.## ##.#..≈
#...((..##.###......
#.......###.#.#..≈≈≈
. #.......#
#..##..≈.≈ #.
#.......# #.###.≈≈P≈
#.#####.#### #.#
#.≈≈≈≈ ##.. ..
#.###..≈≈≈ ####
#....#######
#.....≈≈≈≈ ...#
#Sc@..((# #.##...≈≈≈
##.#
#r#####.###.##.≈P≈≈≈
##.##### ..
##.....##.P≈≈≈≈
.......## ##
#..######..≈≈≈≈
#..##⌠.⌠## ##.#
#.≈≈≈≈≈ ##...._..#
#.# #..≈≈≈≈
#.###⌠.⌠.## ###
#..≈≈≈P .##.......#
#...≈≈≈ ###.##.#..#
#..≈≈≈≈


You could see a centaur, an adder and a rat.

Vanquished Creatures
  Terence (D:2)
  A dart slug (D:2)
  A leopard gecko (D:2)
  A bat (D:2)
  7 hobgoblins
  2 jackals (D:1)
  A ball python (D:1)
  2 frilled lizards (D:2)
  2 kobolds (D:2)
  4 rats (D:2)
22 creatures vanquished.

Notes
Turn   | Place    | Note
-------+----------+-------------------------------------------
     0 | D:1      | DasRunzen the Troll Fighter began the quest for the Orb.
     0 | D:1      | Reached XP level 1. HP: 22/22 MP: 0/0
   252 | D:1      | Reached XP level 2. HP: 29/29 MP: 1/1
   495 | D:2      | Found a sparkling altar of Nemelex Xobeh.
   531 | D:2      | Found a basalt altar of Yredelemnul.
   606 | D:2      | Noticed Terence
   615 | D:2      | Killed Terence
   615 | D:2      | Reached XP level 3. HP: 15/36 MP: 2/2
   876 | D:2      | Reached skill level 1 in Armour
  1026 | D:2      | Found a runed translucent door.
  1027 | D:2      | Noticed Crazy Yiuf
  1178 | D:2      | Noticed a centaur
  1190 | D:2      | Slain by a centaur

Levels and vault maps discovered:
D:1:      minmay_arrival_loop, layout_basic
D:2:      layout_loops_cross, nemelex_xobeh_ov_fountains_minmay,
          marbit_many_paths, old_standard_altar, chequers_big_river,
          uniq_terence, uniq_natasha, uniq_crazy_yiuf_cottage

Skill      XL: |  1  2  3 |
---------------+----------+-----
Long Blades    | 2 |  2.0
Armour         | 1 |  1.0
Fighting       | |  2.7
Dodging        | |  2.7
Shields        | |  2.7

Action                   || total
-------------------------++-------
Melee: Long sword        ||    78
  Use: Scroll            ||     6
  Eat: Chunk             ||     8
Armor: Robe              ||    28
Dodge: Dodged            ||    23
Block: Shield            ||    41
       Rpst.: Long sword ||     5

Table legend:
 A = Non-vault XP
 B = Vault XP
 C = Vault XP percentage of total XP
 D = Non-vault monster count
 E = Vault monster count
 F = Vault count percentage of total count
                 A         B        C        D         E       F
            +---------+---------+-------+---------+---------+-------
      Total |      37 |      36 |  49.3 |      21 |       1 |   4.5
            +---------+---------+-------+---------+---------+-------
        D:1 |      13 |       0 |   0.0 |       7 |       0 |   0.0
        D:2 |      24 |      36 |  60.0 |      14 |       1 |   6.7
            +---------+---------+-------+---------+---------+-------
